 Dungeon Crawl Stone Soup version 0.23.0-3-gf3c87f2 (webtiles) character file.

Game seed: 1775987099067359041

1367 Lauz the Chopper (level 8, -5/59 HPs)
             Began as a Demonspawn Gladiator on Feb 21, 2019.
             Slain by a killer bee (8 damage)
             ... on level 6 of the Dungeon.
             The game lasted 00:22:10 (6677 turns).

Lauz the Chopper (Demonspawn Gladiator)             Turns: 6677, Time: 00:22:11

Health: -5/59      AC:  5    Str: 19 (20) XL:     8   Next: 38%
Magic:  0/17       EV: 14    Int:  8 (9)  God:
Gold:   302        SH:  0    Dex: 15 (17) Spells: 7/7 levels left

rFire    . . .     SeeInvis .   a - +1 war axe
rCold    . . .     Gourm    .   (no shield)
rNeg     . . .     Faith    .   b - +0 leather armour
rPois    .         Spirit   +   (helmet restricted)
rElec    .         Reflect  .   (no cloak)
rCorr    .         Harm     .   (no gloves)
MR       .....                  (no boots)
Stlth    ++........             v - amulet of guardian spirit
HPRegen  0.19/turn              e - ring of magical power
MPRegen  0.15/turn              y - +2 ring of protection

@: mighty, lethally poisoned (-5 -> -24), lightly drained
A: antennae 1, claws 1, hooves 2, nightstalker 1, powered by pain 1
a: no special abilities


You were on level 6 of the Dungeon.
You were not hungry.

You visited 1 branch of the dungeon, and saw 6 of its levels.

You collected 302 gold pieces.

Inventory:

Hand Weapons
 a - a +1 war axe (weapon)
 h - a +2 hand axe
Missiles
 d - 3 throwing nets (quivered)
Armour
 b - a +0 leather armour (worn)
 c - a +0 helmet
 o - a +1 chain mail of positive energy
 t - a +0 pair of boots
Jewellery
 e - a ring of magical power (left claw)
 v - an amulet of guardian spirit (around neck)
 y - a +2 ring of protection (right claw)
Wands
 i - a wand of flame (7)
Scrolls
 g - 4 scrolls of identify
 p - a scroll of teleportation
 r - 4 scrolls of remove curse
 s - 2 scrolls of amnesia
Potions
 j - a potion of haste {unknown}
 n - 3 potions of brilliance
 q - a potion of lignification {unknown}
 x - a potion of degeneration
 z - a potion of flight {unknown}
Comestibles
 f - 8 rations


   Skills:
 + Level 3.6(3.1) Fighting
 * Level 7.9(7.3) Axes
 + Level 1.7(1.3) Throwing
 + Level 2.8(2.3) Armour
 * Level 4.6(4.2) Dodging
 + Level 1.1(0.7) Stealth


You had 7 spell levels left.
You didn't know any spells.
Your spell library was empty.

Dungeon Overview and Level Annotations

Branches:
Dungeon (6/15)             Temple (0/1) D:4

Altars:
Ashenzari
Ru

Shops:
D:6 *

Annotations:
D:6 Grinder


Innate Abilities, Weirdness & Mutations

You have a pair of small antennae on your head.
You have sharp fingernails.
You have hoof-like feet.
You are slightly more attuned to the shadows.
You sometimes gain a little power by taking damage.


Message History

The killer bee stings you.
* * * LOW HITPOINT WARNING * * *
You are poisoned.
The killer bee poisons you! The killer bee stings you!
* * * LOW HITPOINT WARNING * * *
You are more poisoned.
The killer bee poisons you!
It was a potion of heal wounds.
You feel much better.
You feel sick. The killer bee barely misses you.
The killer bee closely misses you. The killer bee stings you.
You are more poisoned.
The killer bee poisons you! The killer bee closely misses you.
The killer bee barely misses you. The killer bee stings you.
The howler monkey zombie misses you.
You feel sick. The killer bee stings you!
* * * LOW HITPOINT WARNING * * *
The killer bee stings you!
* * * LOW HITPOINT WARNING * * *
The killer bee stings you!
You die...

#......(##......∩##..
#....)..##.......##..
#..###[[##|..........
######'###..........8
#.<....#...........
#.()..##..##..8.<..
#####....######.......
##..##....##...#.....[8
#....y@........#.....[.
#....yy........#....'..
#.....Z........#....#..
#.........##..###.)##.. ####
####..###...##..###..##.. ...##
#....#########....#...... ....#
##....{Z.....#....#...... ....#
#.....#.....#....#..))..
...########....##....#....#......


You could see 3 killer bees and a howler monkey zombie.

Vanquished Creatures
  An ice beast (D:5)
  2 sky beasts (D:6)
  An ogre (D:5)
  2 scorpions (D:5)
  5 wights
  2 crimson imps
  A jelly (D:6)
  A bullfrog skeleton (D:4)
  2 hounds
  5 orc wizards
  2 iguanas
  A centaur skeleton (D:4)
  Terence (D:2)
  Natasha (thrice) (D:2)
  A worker ant (D:3)
  A hound skeleton (D:4)
  A howler monkey skeleton (D:5)
  2 adders (D:4)
  3 oozes (D:1)
  2 adder skeletons (D:4)
  A worm (D:4)
  4 dart slugs
  6 leopard geckos
  11 orcs
  4 giant cockroaches
  11 goblins
  11 hobgoblins
  8 jackals
  7 kobolds
  5 quokkas
  A ball python (D:1)
  8 bats
  5 frilled lizards
  A jackal skeleton (D:5)
  A leopard gecko skeleton (D:4)
  6 rats
129 creatures vanquished.

Notes
Turn   | Place    | Note
-------+----------+-------------------------------------------
     0 | D:1      | Lauz the Demonspawn Gladiator began the quest for the Orb.
     0 | D:1      | Reached XP level 1. HP: 16/16 MP: 1/1
   198 | D:1      | Reached skill level 3 in Axes
   420 | D:2      | Gained mutation: You are slightly more attuned to the
                  | shadows. [demonic ancestry]
   420 | D:2      | Reached XP level 2. HP: 21/22 MP: 2/2
   817 | D:1      | Gained mutation: You have a pair of small antennae on your
                  | head. [demonic ancestry]
   817 | D:1      | Reached XP level 3. HP: 23/27 MP: 3/3
  1579 | D:2      | Noticed Terence
  1588 | D:2      | Killed Terence
  1588 | D:2      | Reached XP level 4. HP: 32/33 MP: 4/4
  1648 | D:2      | Noticed Natasha
  1652 | D:2      | Killed Natasha
  1652 | D:2      | Reached skill level 4 in Axes
  1768 | D:2      | Noticed Natasha
  1778 | D:2      | Killed Natasha
  1778 | D:2      | Gained mutation: You have large cloven feet. [demonic
                  | ancestry]
  1778 | D:2      | Reached XP level 5. HP: 27/39 MP: 5/5
  2010 | D:2      | Found a shattered altar of Ashenzari.
  2166 | D:2      | Reached skill level 1 in Armour
  2232 | D:2      | Noticed Natasha
  2243 | D:2      | Killed Natasha
  2827 | D:3      | Found a sacrificial altar of Ru.
  3133 | D:3      | Found a faded altar of an unknown god.
  3570 | D:4      | Reached skill level 5 in Axes
  3624 | D:4      | Gained mutation: You sometimes gain a little power by
                  | taking damage. [demonic ancestry]
  3624 | D:4      | Reached XP level 6. HP: 27/46 MP: 3/6
  3753 | D:4      | Found a staircase to the Ecumenical Temple.
  4533 | D:5      | Entered Level 5 of the Dungeon
  4700 | D:5      | Reached skill level 6 in Axes
  4700 | D:5      | Gained mutation: You have hoof-like feet. [demonic
                  | ancestry]
  4700 | D:5      | Reached XP level 7. HP: 39/52 MP: 7/7
  5031 | D:5      | You fall through a shaft!
  5433 | D:6      | Found Gunopeiq's Assorted Antiques.
  5557 | D:6      | Reached skill level 7 in Axes
  5941 | D:6      | Gained mutation: You have sharp fingernails. [demonic
                  | ancestry]
  5941 | D:6      | Reached XP level 8. HP: 54/58 MP: 8/8
  6393 | D:6      | Noticed Grinder
  6461 | D:6      | Identified the amulet of the Distant Future {Spirit Str+5}
  6473 | D:6      | Reached skill level 1 in Stealth
  6675 | D:6      | HP: 2/59 [killer bee (6)]
  6677 | D:6      | Slain by a killer bee

Skill      XL: |  1  2  3  4  5  6  7  8 |
---------------+-------------------------+-----
Axes           | 3 4 5 6 7 |  7.9
Dodging        | 3 4 |  4.6
Armour         | 1 2 |  2.8
Fighting       | 3 |  3.6
Stealth        | 1 |  1.1
Throwing       | |  1.7

Action                   |  1- 3 |  4- 6 |  7- 9 || total
-------------------------+-------+-------+-------++-------
Melee: War axe           |   113 |   199 |   180 ||   492
       Kick              |       |     8 |     8 ||    16
  Use: Scroll            |       |     9 |       ||     9
       Potion            |       |       |     4 ||     4
 Stab: Sleeping          |     5 |     9 |     3 ||    17
       Distracted        |       |     2 |     1 ||     3
  Eat: Chunk             |     2 |     6 |     5 ||    13
       Ration            |       |     1 |     1 ||     2
Armor: Leather armour    |    49 |    45 |    70 ||   164
Dodge: Dodged            |   112 |   136 |   172 ||   420
